 Dungeon Crawl Stone Soup version 0.28.0-53-g5a82cb258f (webtiles) character file.

Game seed: 12468789184832133402

660 mrburnz the Basher (level 7, -3/96 HPs)
             Began as a Minotaur Berserker on June 9, 2022.
             Was a Priest of Trog.
             Succumbed to a gnoll sergeant's poison
             ... on level 3 of the Dungeon.
             The game lasted 00:08:51 (4105 turns).

mrburnz the Basher (Minotaur Berserker)             Turns: 4105, Time: 00:08:51

Health: -3/96      AC: 23    Str: 24    XL:     7   Next: 30%
Magic:  6/6        EV:  2    Int:  4    God:    Trog [***...]
Gold:   63         SH:  0    Dex:  9    Spells: 6/6 levels left

rFire   . . .      SeeInvis .   o - +0 flail
rCold   . . .      Faith    .   (no shield)
rNeg    . . .      Spirit   .   (armour currently unavailable)
rPois   +          Reflect  .   (helmet currently unavailable)
rElec   .          Harm     .   (cloak currently unavailable)
rCorr   .          Rampage  .   (gloves currently unavailable)
Will    .....      NoTele   +   (boots currently unavailable)
Stlth   +.........              (no amulet)
HPRegen 0.26/turn               (no ring)
MPRegen 0.10/turn               (no ring)

@: lethally poisoned (-3 -> -20), tree-form
A: stationary, stasis, torment immunity, boosted hp, (horns 2), (retaliatory
headbutt)
a: Renounce Religion, Berserk, Trog's Hand


You were on level 3 of the Dungeon.
You worshipped Trog.
Trog was most pleased with you.
You were a tree.
You visited 1 branch of the dungeon, and saw 3 of its levels.

You collected 63 gold pieces.

Inventory:

Hand Weapons
 a - a +0 mace
 o - a +0 flail (weapon)
Armour
 b - a +0 animal skin (melded)
Scrolls
 d - 2 scrolls of acquirement {unknown}
 f - a scroll of fog {unknown}
 g - 2 scrolls of identify {unknown}
 h - 4 scrolls of amnesia {unknown}
 i - 2 scrolls of enchant armour {unknown}
 k - a scroll of silence {unknown}
 n - a scroll of torment {unknown}
 p - a scroll of teleportation {unknown}
 q - a scroll of enchant weapon {unknown}
Potions
 c - 4 potions of curing
 e - a potion of lignification
 j - a potion of brilliance {unknown}
 l - 2 potions of degeneration {unknown}
 m - a potion of flight {unknown}


   Skills:
 + Level 6.5 Fighting
 + Level 8.7 Maces & Flails
 - Level 2.5 Armour
 - Level 2.1 Dodging


You had 6 spell levels left.
You didn't know any spells.
Your spell library was empty.

Dungeon Overview and Level Annotations

Branches:
Dungeon (3/15)

Altars:

Annotations:
D:3 1 transporter


Innate Abilities, Weirdness & Mutations

You are a tree.
Your roots penetrate the ground, keeping you stationary.
You cannot be teleported.
You are immune to unholy pain and torment.
Your maximum health is greatly increased.
Your equipment is partially melded.
((You have a pair of horns on your head.))
((You reflexively headbutt those who attack you in melee.))


Message History

You cannot move.
You cannot move.
You cannot move.
You cannot move.
You cannot move.
There is a lethal amount of poison in your body!
You cannot move.
You cannot move.
You cannot move.
You cannot move.
You cannot move.
You cannot move.
You cannot move.
You cannot move.
You cannot move.
You cannot move.
You cannot move.
Autopickup is now off.
Autopickup is now on.
You cannot move.
You cannot move.
You cannot move.
You cannot move.
You cannot move.
You cannot move.
You cannot move.
You cannot move.
You cannot move.
You cannot move.
You cannot move.
You cannot move.
The gnoll sergeant blocks your attack.
The gnoll sergeant is almost dead.
* * * LOW HITPOINT WARNING * * *
You feel very sick.
The gnoll sergeant hits you but does no damage.
The gnoll hits you but does no damage. The gnoll sergeant blocks your attack.
The gnoll sergeant is almost dead.
You die...

#..≈≈#.........gg#≈≈.....))
#..≈≈###.##'##.###≈≈......#
#..≈≈..#.#.$$#$#..≈≈..#####
##.≈≈.##.#...#.##.≈≈....# #
#.≈≈.#..#W:.#..#.≈≈....# #
#.≈≈.##.#####.##.≈≈....#
#.≈≈..#g#8⌠8#.#........#
#.≈≈.©#.g.©)).#©.......#
#.≈≈..#.#♣.)#.#........#
#.≈≈.##.##.##.##.≈≈(...#
#.≈≈.#..#...#.©#.≈≈....#
#.≈≈.##.#⌠.⌠#.##.≈≈....#
#.≈≈..#.#...#.#..≈≈J.###
#.≈≈###.##'##.###≈≈..#
#.≈≈#...........#≈≈..#
#.≈≈##.###.###.##≈≈.[#
##.≈≈#g.#8###8#g.#≈≈..#


You could see a gnoll sergeant and a gnoll.

Vanquished Creatures
  The ghost of issech the Chopper, an amateur MiMo (D:3)
  Grinder (D:3)
  An orc priest (D:3)
  2 orc wizards (D:3)
  5 gnolls (D:3)
  5 adders
  8 dart slugs
  An orc (D:3)
  4 bats
  4 endoplasms
  5 giant cockroaches
  3 goblins
  7 hobgoblins
  6 jackals
  A quokka (D:2)
  14 ball pythons
  4 frilled lizards
  3 kobolds
  4 rats
79 creatures vanquished.

Vanquished Creatures (others)
  6 plants (D:3)
6 creatures vanquished.

Grand Total: 85 creatures vanquished

Notes
Turn   | Place    | Note
-------+----------+-------------------------------------------
     0 | D:1      | mrburnz the Minotaur Berserker began the quest for the Orb.
     0 | D:1      | Reached XP level 1. HP: 19/19 MP: 0/0
   301 | D:1      | Reached skill level 4 in Maces & Flails
   301 | D:1      | Reached XP level 2. HP: 23/27 MP: 1/1
  1017 | D:1      | Reached XP level 3. HP: 34/34 MP: 2/2
  1391 | D:2      | Reached ** piety under Trog
  1409 | D:2      | Found a faded altar of an unknown god.
  2042 | D:2      | Reached skill level 5 in Maces & Flails
  2136 | D:2      | Reached XP level 4. HP: 32/41 MP: 3/3
  3027 | D:3      | Reached skill level 5 in Fighting
  3306 | D:3      | Found a transporter.
  3313 | D:3      | Found a transporter.
  3333 | D:3      | Reached skill level 6 in Maces & Flails
  3333 | D:3      | Reached XP level 5. HP: 48/48 MP: 4/4
  3613 | D:3      | Noticed Grinder
  3617 | D:3      | Killed Grinder
  3618 | D:3      | Reached skill level 7 in Maces & Flails
  3618 | D:3      | Reached XP level 6. HP: 37/57 MP: 5/5
  3628 | D:3      | Noticed issech's ghost (amateur MiMo)
  3721 | D:3      | Identified the +1 ring mail "Faowkyv" {Int+2 SInv}
  4016 | D:3      | Killed issech's ghost
  4017 | D:3      | Reached skill level 8 in Maces & Flails
  4017 | D:3      | Reached XP level 7. HP: 40/64 MP: 6/6
  4019 | D:3      | Reached *** piety under Trog
  4104 | D:3      | HP: 1/96 [poisoned by a gnoll sergeant]
  4105 | D:3      | Succumbed to a gnoll sergeant's poison

Illustrated notes

Levels and vault maps discovered:
D:1:      dpeg_arrival_water_fire, layout_loops_ring
D:2:      layout_basic, ebering_ecumenical_altar_abandoned, minmay_snake_closets
D:3:      layout_rooms, gammafunk_ghost_gnarly_gnolls, uniq_grinder

Skill      XL: |  1  2  3  4  5  6 |
---------------+-------------------+-----
Fighting       | 4 5 6 |  6.5
Maces & Flails | 4 5 6 7 8 |  8.7
Armour         | |  2.5
Dodging        | |  2.1

Action                   |  1- 3 |  4- 6 |  7- 9 || total
-------------------------+-------+-------+-------++-------
Melee: Mace              |    80 |    17 |       ||    97
       Headbutt          |     7 |    10 |     2 ||    19
       Punch             |     1 |     2 |       ||     3
       Flail             |       |    60 |    10 ||    70
Invok: Berserk           |       |     2 |       ||     2
  Use: Potion            |       |       |     2 ||     2
Armor: Animal skin       |    14 |     7 |       ||    21
       Skin              |       |       |     3 ||     3
Dodge: Dodged            |    57 |    49 |     4 ||   110
